 Dungeon Crawl Stone Soup version 0.17.1-3-g152610e (webtiles) character file.

157099 Peloso the Peltast (level 17, -11/156 HPs)
             Began as a Minotaur Fighter on Apr 14, 2016.
             Was a High Priest of Okawaru.
             Killed from afar by a hellion (39 damage)
             ... with a burst of hellfire
             ... summoned by a deep elf demonologist
             ... on level 1 of the Abyss on Apr 15, 2016.
             The game lasted 02:34:14 (35514 turns).

Peloso the Peltast (Minotaur Fighter)              Turns: 35514, Time: 02:34:14

Health: -11/156    AC: 40    Str: 32    XL:     17   Next: 11%
Magic:  28/28      EV: 10    Int:  5    God:    Okawaru [*****.]
Gold:   3657       SH:  9    Dex: 13    Spells: 0 memorised, 16 levels left

rFire  + . .     SeeInvis +     M - +4 falchion (slice)
rCold  + . .     Clarity  .     Y - +10 crystal plate armour of the Comet {rN+}
rNeg   + + +     SustAt   .     K - +0 buckler {reflect}
rPois  +         Gourm    .     Z - -2 hat of the Alchemist {rElec rPois rF+ rC+ rN+ MR+ rMut rCorr}
rElec  +         Spirit   .     P - +0 cloak of Surch {MP+9 Str+3}
rCorr  +         Warding  +     f - +2 pair of gloves "Poveur" {-Tele rCorr Str+6}
rMut   +         NoTele   +     x - +2 pair of boots {Fly}
MR     ++...                    R - amulet of the Cast Vote {Ward +Fly rN+}
Stlth  ..........               i - ring of see invisible
                                w - ring of positive energy

@: flying, very resistant to hostile enchantments, extremely unstealthy
A: retaliatory headbutt, horns 2, weak 1
a: Heroism, Finesse, Renounce Religion, Stop Flying


You were on level 1 of the Abyss.
You worshipped Okawaru.
Okawaru was extremely pleased with you.
You were not hungry.

You visited 7 branches of the dungeon, and saw 32 of its levels.
You visited the Abyss 1 time.
You also visited: Ossuary and Volcano.

You collected 4019 gold pieces.
You spent 362 gold pieces at shops.

Inventory:

Hand Weapons
 t - a +3 scimitar
 M - a +4 falchion of slicing (weapon)
 U - a +1 scimitar of flaming
Armour
 f - the +2 pair of gloves "Poveur" (worn) {-Tele rCorr Str+6}
   (You found it on level 1 of the Elven Halls)

   It affects your strength (+6).
   It prevents most forms of teleportation.
   It protects you from acid and corrosion.
 v - a +2 pair of gloves
 x - a +2 pair of boots of flying (worn)
 K - a +0 buckler of reflection (worn)
 P - the +0 cloak of Surch (worn) {MP+9 Str+3}
   (You found it on level 1 of the Elven Halls)

   It affects your strength (+3).
   It affects your magic capacity (+9).
 X - the +7 plate armour "Fafi" {rF+ rCorr Str+2}
   (Okawaru gifted it to you on level 12 of the Dungeon)

   It affects your strength (+2).
   It protects you from fire.
   It protects you from acid and corrosion.
 Y - the +10 crystal plate armour of the Comet (worn) {rN+}
   (Okawaru gifted it to you on level 14 of the Dungeon)

   It protects you from negative energy.
 Z - the -2 hat of the Alchemist (worn) {rElec rPois rF+ rC+ rN+ MR+ rMut rCorr}
   (You found it on level 13 of the Dungeon)

   It protects you from fire.
   It protects you from cold.
   It insulates you from electricity.
   It protects you from poison.
   It protects you from negative energy.
   It affects your resistance to hostile enchantments.
   It protects you from acid and corrosion.
   It protects you from mutation.
Jewellery
 c - an uncursed ring of protection from cold {unknown}
 i - a ring of see invisible (right hand)
 w - a ring of positive energy (left hand)
 A - an uncursed ring of protection from fire
 R - the amulet of the Cast Vote (around neck) {Ward +Fly rN+}
   (You found it on level 8 of the Lair of Beasts)

   [amulet of warding]

   It may prevent the melee attacks of summoned creatures.
   It protects you from negative energy.
   It lets you fly.
Wands
 a - a wand of hasting (6)
 q - a wand of digging (6)
 s - a wand of teleportation (1)
 H - a wand of disintegration (3)
Scrolls
 j - 4 scrolls of fear
 m - 5 scrolls of fog
 o - 9 scrolls of magic mapping
 y - 8 scrolls of remove curse
 C - a scroll of brand weapon
 F - 8 scrolls of enchant weapon
 G - a scroll of recharging
 J - 6 scrolls of teleportation
 N - 4 scrolls of holy word
 O - 4 scrolls of identify
 Q - 3 scrolls of amnesia
 V - 4 scrolls of enchant armour
 W - 4 scrolls of blinking
Potions
 b - 6 potions of agility
 d - 5 potions of might
 g - a potion of heal wounds
 l - 3 potions of curing
 n - 2 potions of invisibility
 p - 3 potions of brilliance
 r - 3 potions of flight
 u - 3 potions of magic
 z - 2 potions of resistance
 D - 2 potions of experience
 I - a potion of berserk rage
 S - a potion of haste
Comestibles
 e - 13 bread rations
 h - 12 meat rations
 k - 6 beef jerkies
 E - 13 royal jellies
 L - 8 slices of pizza
 T - 11 fruits


   Skills:
 + Level 15.2 Fighting
 + Level 18.8 Long Blades
   Level 1.0 Maces & Flails
 + Level 15.3 Armour
 + Level 6.2 Dodging
 + Level 1.5 Stealth
 + Level 20.2 Shields
 + Level 4.3 Invocations
 + Level 0.5 Evocations


You had 16 spell levels left.
You didn't know any spells.

Dungeon Overview and Level Annotations

Branches:
Dungeon (15/15)            Temple (1/1) D:6            Lair (8/8) D:9
  Swamp (1/4) Lair:5       Spider (1/4) Lair:4        Slime (0/6) Lair:7
    Orc (4/4) D:11            Elf (2/3) Orc:3        Vaults (0/5) D:14
 Depths (0/5) D:15

Altars:
Ashenzari
Elyvilon
Fedhas
Gozag
Kikubaaqudgha
Nemelex Xobeh
Okawaru
Qazlal
Ru
Trog
Xom
Yredelemnul
Zin
The Shining One
Jiyva

Shops:
D:6 [   Orc:2 [!   Orc:3 }   Orc:4 :?%   Elf:1 *

Portals:
Trove: D:12 (give 16 scrolls of teleportation)


Innate Abilities, Weirdness & Mutations

You reflexively headbutt those who attack you in melee.
You have a pair of horns on your head.
[You are weak. (Str -2)]


Message History

The hellion is lightly wounded.
The hellion gestures at you.
The hellfire explodes!
The burst of hellfire engulfs you!
* * * LOW HITPOINT WARNING * * *
The burst of hellfire engulfs the hellion.
The hellion completely resists.
Drink which item? (? for menu, Esc to quit)
You feel much better.
The hellion's attack is warded away.
You closely miss the hellion.
The hellion is lightly wounded.
The hellion's attack is warded away.
Unknown command.
You completely miss the hellion.
The hellion is lightly wounded.
Unknown command.
You barely miss the hellion. You headbutt the hellion.
The hellion is moderately wounded.
The hellion gestures at you.
The hellfire explodes!
The burst of hellfire engulfs you!
You die...

##.. #. # ..#..#
#.### ## # # #
.# .. #.# # ...
.. #.. .# #. .#
.###### # ..
.##.## .# .
#....##.# #..
##... #.#
##..###.#. #.. #
#...@2##. #.#
##...#.##..###.#
###.## ###..##
#.# . # ##. .
#.# ..# ##
.#.....# ##. .
.. . . ..#.. #.#
.. ..... ..# #.#
# .. .... .. # e
2. ..### .


You could see a hellion.

Vanquished Creatures
  Rupert (D:14)
  A hellephant (Abyss:1)
  2 sphinxes
  A thorn hunter (Swamp:1)
  3 deep elf demonologists
  5 dire elephants (Lair:8)
  An eidolon (Elf:1)
  An ettin (D:15)
  The ghost of SaintRoka the Fighter, a journeyman OpBe of Trog (D:14)
  A deep elf death mage (Elf:1)
  3 vault guards (D:14)
  2 deep elf high priests (Elf:1)
  9 hydras
  A great orb of eyes (Elf:1)
  An anaconda (Lair:8)
  5 centaur warriors
  A catoblepas (Lair:8)
  5 dancing weapons (Elf:2)
  4 ogre magi
  5 death yaks (Lair:7)
  3 orc high priests (Orc:4)
  3 tengu warriors
  Urug (Lair:4)
  Nergalle (Lair:3)
  A spriggan (Swamp:1)
  A wizard (D:14)
  A wretched star (Abyss:1)
  A fire crab (D:13)
  10 deep elf knights
  A shambling mangrove (Swamp:1)
  A deep elf summoner (Elf:1)
  Pikel (D:7)
  7 deep elf conjurers
  9 hill giants
  3 wolf spiders
  6 orc sorcerers
  An oklob plant (D:12)
  8 orc knights
  11 ugly things
  A necromancer (D:14)
  2 griffons
  4 cyclopes
  13 elephants
  4 black mambas
  4 centaur zombies
  A smoke demon (Abyss:1)
  An ice statue (Lair:1)
  An orange demon (D:12)
  3 gargoyles
  A kobold demonologist (D:13)
  13 spiny frogs
  12 komodo dragons
  6 fire drakes
  An efreet (D:13)
  A tengu conjurer (D:13)
  2 freezing wraiths
  5 deep elf priests
  A polar bear (Lair:6)
  The ghost of pupkin the Skirmisher, an amateur FoAK of Lugonu (D:15)
  10 two-headed ogres
  9 trolls
  2 bog bodies (Swamp:1)
  A queen bee (D:9)
  A boulder beetle (Lair:7)
  5 slime creatures (D:12)
  2 trapdoor spiders
  19 blink frogs
  A shadow (D:12)
  A redback (Lair:4)
  A trapdoor spider (shapeshifter) (D:13)
  2 wraiths
  21 humans
  A basilisk (shapeshifter) (Elf:2)
  2 golden eyes (Elf:1)
  5 wyverns
  52 yaks
  17 deep elf fighters
  4 basilisks
  Grum (D:11)
  24 deep elf magi
  A mottled dragon (D:12)
  6 vampire mosquitoes
  A steam dragon (D:10)
  A hungry ghost (D:10)
  5 wargs
  2 swamp worms (Swamp:1)
  23 wolves
  16 hippogriffs
  A soldier ant (D:10)
  13 insubstantial wisps
  15 porcupines
  2 spiders (Lair:4)
  A sky beast (D:4)
  14 water moccasins
  13 ice beasts
  A black bear (Lair:1)
  2 wasps
  32 orc warriors
  An eye of draining (D:15)
  A swamp drake (Swamp:1)
  4 phantoms
  12 centaurs
  7 crocodiles
  2 big kobolds
  16 ogres
  2 necrophages (D:9)
  Blork the orc (Orc:4)
  A brain worm (D:15)
  A water moccasin zombie (D:9)
  2 wyvern skeletons
  28 giant frogs
  50 killer bees
  9 wights
  6 scorpions
  2 crimson imps (D:8)
  2 electric eels (D:15)
  15 hounds
  10 jellies
  3 giant frog zombies
  53 orc wizards
  5 centaur skeletons
  Ijyb (D:2)
  A giant frog skeleton (D:12)
  8 iron imps (D:12)
  22 orc priests
  A quasit (D:11)
  12 iguanas
  12 sheep
  6 worker ants
  3 big kobold zombies (Ossuary)
  A hound zombie (D:7)
  A mummy (Ossuary)
  2 hound skeletons
  A worker ant zombie (D:8)
  11 gnolls
  76 river rats
  9 adders
  5 white imps (Lair:1)
  6 shadow imps
  9 oozes (D:12)
  An adder skeleton (D:4)
  An adder zombie (D:7)
  5 worms
  235 orcs
  4 spectral bats (Ossuary)
  11 giant cockroaches
  9 gnoll zombies (Ossuary)
  9 goblins
  11 hobgoblins
  13 kobolds
  12 quokkas
  2 ball pythons
  4 bats
  3 bat simulacra (Ossuary)
  7 giant geckos
  8 giant newts
  2 goblin simulacra (Ossuary)
  7 goblin zombies (Ossuary)
  8 hobgoblin zombies (Ossuary)
  11 jackals
  A jackal skeleton (D:5)
  3 kobold simulacra (Ossuary)
  2 kobold zombies (Ossuary)
  An orc zombie (Ossuary)
  A quokka skeleton (D:4)
  12 rats
  3 rat simulacra (Ossuary)
  A spectral goblin (Ossuary)
  A spectral kobold (Ossuary)
  5 spectral rats (Ossuary)
  2 briar patches (Swamp:1)
  8 plants
1353 creatures vanquished.

Vanquished Creatures (others)
  A deep elf knight (Elf:1)
  An unseen horror (D:15)
  2 deep elf fighters (Elf:2)
  An orc warrior (Elf:1)
  A sky beast (D:7)
  2 slaves (D:7)
  A giant frog (D:7)
  A crimson imp (D:7)
  An orc wizard (D:7)
  A giant frog skeleton (D:7)
  2 orcs
  4 kobolds (D:7)
  2 briar patches (Swamp:1)
  31 fungi
  42 plants
93 creatures vanquished.

Grand Total: 1446 creatures vanquished

Notes
Turn   | Place    | Note
--------------------------------------------------------------
     0 | D:1      | Peloso the Minotaur Fighter began the quest for the Orb.
     0 | D:1      | Reached XP level 1. HP: 19/19 MP: 0/0
   210 | D:1      | Reached XP level 2. HP: 10/27 MP: 1/1
   346 | D:1      | Reached skill level 1 in Dodging
   347 | D:1      | Reached skill level 4 in Shields
   622 | D:1      | Reached XP level 3. HP: 33/33 MP: 2/2
  1125 | D:2      | Noticed Ijyb
  1135 | D:2      | Killed Ijyb
  1135 | D:2      | Reached XP level 4. HP: 37/40 MP: 3/3
  1137 | D:2      | Found a blossoming altar of Fedhas.
  1878 | D:3      | Noticed an ice beast
  1884 | D:3      | Killed an ice beast
  1884 | D:3      | Reached skill level 5 in Shields
  1884 | D:3      | Reached XP level 5. HP: 45/47 MP: 4/4
  2031 | D:3      | Found a white marble altar of Elyvilon.
  2082 | D:3      | Noticed a moth of wrath
  2085 | D:3      | Found a bloodstained altar of Trog.
  2590 | D:4      | Reached XP level 6. HP: 31/53 MP: 5/5
  2858 | D:4      | Reached skill level 5 in Armour
  3019 | D:4      | Reached skill level 5 in Fighting
  3024 | D:4      | Reached XP level 7. HP: 53/61 MP: 6/6
  3039 | D:4      | Reached skill level 6 in Shields
  3181 | D:5      | Entered Level 5 of the Dungeon
  3183 | D:5      | Found a sand-covered staircase.
  3189 | Ossuary  | Entered an ossuary
  3522 | Ossuary  | Reached skill level 5 in Long Blades
  3677 | D:5      | Found a shattered altar of Ashenzari.
  4038 | D:5      | Found an iron altar of Okawaru.
  4041 | D:5      | Became a worshipper of Warmaster Okawaru
  4174 | D:5      | Found a basalt altar of Yredelemnul.
  4360 | D:6      | Found a staircase to the Ecumenical Temple.
  4372 | Temple   | Entered the Ecumenical Temple
  4498 | D:6      | Reached XP level 8. HP: 63/70 MP: 7/7
  4537 | D:6      | Found Tuneug's Antique Armour Shoppe.
  4546 | D:6      | Bought a pair of embroidered boots for 144 gold pieces
  4546 | D:6      | Bought an embroidered hat for 128 gold pieces
  4610 | D:6      | Reached skill level 7 in Shields
  4629 | D:6      | Found a shimmering altar of Xom.
  4675 | D:6      | Reached * piety under Okawaru
  4699 | D:6      | Found an opulent altar of Gozag.
  5461 | D:7      | Noticed Pikel
  5485 | D:7      | Killed Pikel
  5485 | D:7      | Reached skill level 8 in Shields
  5485 | D:7      | Reached XP level 9. HP: 72/79 MP: 8/8
  5874 | D:7      | Reached ** piety under Okawaru
  5888 | D:7      | Identified the Compendium of the Snowflakes and Black Rituals
  5997 | D:7      | Reached skill level 9 in Shields
  6225 | D:7      | Found an opulent altar of Gozag.
  6413 | D:7      | Paralysed by a wasp for 1 turns
  6774 | D:8      | Reached *** piety under Okawaru
  7275 | D:9      | Found a sacrificial altar of Ru.
  7282 | D:9      | Reached XP level 10. HP: 86/88 MP: 9/9
  7361 | D:9      | Reached skill level 10 in Shields
  7471 | D:9      | Found a staircase to the Lair.
  7662 | D:9      | Reached **** piety under Okawaru
  7701 | D:9      | HP: 1/90 [killer bee (7)]
  8429 | D:9      | Found a glowing golden altar of the Shining One.
  8450 | D:9      | Reached skill level 11 in Shields
  8498 | D:9      | Reached skill level 10 in Long Blades
  8719 | D:9      | Reached skill level 10 in Armour
  8778 | D:9      | Reached ***** piety under Okawaru
  8918 | D:10     | Entered Level 10 of the Dungeon
  9070 | D:9      | Reached XP level 11. HP: 81/97 MP: 10/10
  9355 | D:10     | Reached skill level 12 in Shields
  9934 | D:11     | Received a gift from Okawaru
 10334 | D:11     | Noticed Grum
 10353 | D:11     | Reached skill level 1 in Invocations
 10386 | D:11     | Killed Grum
 10595 | D:11     | Found a staircase to the Orcish Mines.
 10682 | D:11     | Noticed a five-headed hydra
 10700 | D:11     | Killed a five-headed hydra
 11010 | D:11     | Noticed a centaur warrior
 11023 | D:11     | Killed a centaur warrior
 11023 | D:11     | Reached skill level 13 in Shields
 11079 | D:12     | Noticed a hill giant
 11109 | D:12     | Killed a hill giant
 11512 | D:12     | Received a gift from Okawaru
 11535 | D:12     | Reached skill level 1 in Maces & Flails
 11552 | D:12     | Got a scorched plate armour {god gift}
 11563 | D:12     | Identified the +7 plate armour "Fafi" {rF+ rCorr Str+2} (Okawaru gifted it to you on level 12 of the Dungeon)
 11586 | D:12     | Reached skill level 10 in Fighting
 11779 | D:12     | Reached XP level 12. HP: 63/106 MP: 11/11
 12124 | D:12     | Found an ancient bone altar of Kikubaaqudgha.
 12261 | D:12     | Found a portal to a secret trove of treasure.
 12276 | D:12     | Noticed a centaur warrior
 12290 | D:12     | Killed a centaur warrior
 12290 | D:12     | Reached skill level 1 in Stealth
 12303 | D:12     | Noticed a hill giant
 12312 | D:12     | Killed a hill giant
 12455 | D:12     | Reached skill level 14 in Shields
 13026 | Lair:1   | Entered Level 1 of the Lair of Beasts
 13693 | Lair:1   | Reached ****** piety under Okawaru
 13693 | Lair:1   | Received a gift from Okawaru
 13728 | Lair:1   | Got a crude troll leather armour {god gift}
 13739 | Lair:1   | Identified the +0 troll leather armour of Duck's Teeth {rElec rC- rN+ Regen+ MP+9} (Okawaru gifted it to you on level 1 of the Lair of Beasts)
 14424 | Lair:2   | Reached skill level 5 in Dodging
 14929 | Lair:3   | Reached XP level 13. HP: 106/116 MP: 12/12
 14969 | Lair:3   | Reached skill level 15 in Shields
 15173 | Lair:3   | Noticed Nergalle
 15183 | Lair:3   | Killed Nergalle
 15823 | Lair:4   | Noticed Urug
 15836 | Lair:4   | Killed Urug
 15966 | Lair:4   | Found a hole to the Spider Nest.
 16000 | Lair:3   | HP: 4/116 [wolf spider (4)]
 16029 | Lair:3   | HP: 2/116 [wolf spider (13)]
 16926 | Lair:4   | Reached skill level 16 in Shields
 17530 | Lair:5   | Received a gift from Okawaru
 17869 | Lair:5   | Found a staircase to the Swamp.
 18944 | Lair:7   | Reached XP level 14. HP: 111/125 MP: 13/13
 19085 | Lair:7   | HP: 4/126 [death yak (15)]
 19447 | Lair:7   | Found a viscous altar of Jiyva.
 19450 | Lair:7   | Found a staircase to the Slime Pits.
 19761 | Lair:7   | Reached skill level 17 in Shields
 19870 | Lair:7   | Received a gift from Okawaru
 19910 | Lair:7   | Got an encrusted demon blade {god gift}
 19911 | Lair:7   | Identified the +1 demon blade of Righteous Anger {drain, +Fly MP+9 Str-3 Dex+3} (Okawaru gifted it to you on level 7 of the Lair of Beasts)
 21238 | Orc:1    | Entered Level 1 of the Orcish Mines
 21617 | Orc:1    | Reached skill level 15 in Long Blades
 21891 | Orc:2    | Found Willin Suuh's Distillery.
 22011 | Orc:2    | Found Cicvakk's Armour Shoppe.
 22291 | Orc:3    | Found a dark tunnel.
 22296 | Volcano  | Entered a volcano
 22455 | Orc:4    | Entered Level 4 of the Orcish Mines
 22542 | Orc:3    | Found a staircase to the Elven Halls.
 22667 | Orc:3    | Found Atadyne's Gadget Boutique.
 23105 | Orc:4    | Noticed Blork the orc
 23122 | Orc:4    | Killed Blork the orc
 23134 | Orc:4    | Received a gift from Okawaru
 23779 | Orc:4    | Reached skill level 18 in Shields
 24469 | Orc:4    | Found Eroh Leo's Food Boutique.
 24469 | Orc:4    | Found Tutadurgh's Book Shoppe.
 24485 | Orc:4    | Found Nocre's Book Shoppe.
 24485 | Orc:4    | Found Caifoica's Magic Scroll Boutique.
 24493 | Orc:4    | Bought a scroll of identify for 24 gold pieces
 25330 | Lair:8   | Entered Level 8 of the Lair of Beasts
 25474 | Lair:8   | Reached XP level 15. HP: 134/134 MP: 16/16
 26052 | Lair:8   | Got a faintly glowing golden amulet
 26054 | Lair:8   | Identified the amulet of the Cast Vote {Ward +Fly rN+} (You found it on level 8 of the Lair of Beasts)
 26957 | Spider:1 | Entered Level 1 of the Spider Nest
 27079 | Swamp:1  | Entered Level 1 of the Swamp
 27670 | Swamp:1  | Noticed a thorn hunter
 27691 | Swamp:1  | HP: 2/136 [thorn hunter/volley of thorns (29)]
 27696 | Swamp:1  | Killed a thorn hunter
 28367 | Orc:1    | Received a gift from Okawaru
 28741 | Orc:4    | Bought a scroll of identify for 24 gold pieces
 28741 | Orc:4    | Bought a scroll of fear for 42 gold pieces
 29341 | D:13     | Found a runed door.
 29364 | D:13     | Noticed a sphinx
 29402 | D:13     | Killed a sphinx
 29699 | D:13     | Reached skill level 19 in Shields
 30203 | D:14     | Noticed Rupert
 30224 | D:14     | Killed Rupert
 30235 | D:14     | Noticed SaintRoka's ghost (journeyman OpBe)
 30253 | D:14     | Killed SaintRoka's ghost
 30654 | D:14     | Received a gift from Okawaru
 30687 | D:14     | Got an ancient crystal plate armour {god gift}
 30709 | D:14     | Reached XP level 16. HP: 146/146 MP: 17/17
 30722 | D:14     | Found a gate to the Vaults.
 30789 | D:14     | Identified the +10 crystal plate armour of the Comet {rN+} (Okawaru gifted it to you on level 14 of the Dungeon)
 31281 | D:15     | Entered Level 15 of the Dungeon
 32245 | D:15     | Noticed pupkin's ghost (amateur FoAK)
 32275 | D:15     | Killed pupkin's ghost
 32497 | D:15     | Found a staircase to the Depths.
 32986 | Elf:1    | Entered Level 1 of the Elven Halls
 33569 | Elf:1    | Reached skill level 15 in Armour
 33575 | Elf:1    | Identified the Catalogue of Curses
 33804 | Elf:1    | Received a gift from Okawaru
 33901 | Elf:1    | Got a transparent cloak
 33907 | Elf:1    | Identified the +0 cloak of Surch {MP+9 Str+3} (You found it on level 1 of the Elven Halls)
 33912 | Elf:1    | Got a pair of transparent gloves
 33923 | Elf:1    | Identified the +2 pair of gloves "Poveur" {-Tele rCorr Str+6} (You found it on level 1 of the Elven Halls)
 34246 | Elf:1    | Reached skill level 20 in Shields
 34679 | Elf:1    | Found Ibamel's General Store.
 34735 | Elf:2    | Noticed an Executioner
 34810 | Elf:2    | Reached skill level 15 in Fighting
 35069 | Elf:2    | Reached XP level 17. HP: 154/156 MP: 19/19
 35072 | Elf:2    | Found a runed gate.
 35072 | Elf:2    | Found a runed gate.
 35072 | Elf:2    | Found a runed gate.
 35281 | Elf:2    | Cast into the Abyss (trident of distortion)
 35339 | Abyss:1  | Noticed a hellephant
 35392 | Abyss:1  | Killed a hellephant
 35510 | Abyss:1  | HP: 3/156 [hellion/burst of hellfire[a deep elf demonologist] (29)]
 35514 | Abyss:1  | Killed from afar by a hellion

Action                   |  1- 3 |  4- 6 |  7- 9 | 10-12 | 13-15 | 16-18 || total
-------------------------+-------+-------+-------+-------+-------+-------++-------
Melee: Long sword        |    94 |   168 |   563 |  1130 |   988 |       ||  2943
       Whip              |       |       |       |    14 |    35 |       ||    49
       Scimitar          |       |       |       |   161 |  1193 |   842 ||  2196
       Falchion          |       |       |       |       |   272 |    52 ||   324
Invok: Heroism           |       |       |     1 |     3 |    21 |    13 ||    38
       Finesse           |       |       |       |       |     5 |     1 ||     6
 Abil: Evoke Flight      |       |       |       |       |     1 |       ||     1
Evoke: Wand              |       |       |       |       |     8 |     2 ||    10
  Use: Scroll            |       |       |    17 |    13 |    10 |     1 ||    41
       Potion            |       |       |       |     3 |     9 |     1 ||    13
 Stab: Invisible         |       |       |       |     1 |       |       ||     1
       Paralysed         |       |       |       |     1 |       |       ||     1
       Distracted        |       |       |       |       |       |     1 ||     1
  Eat: Chunk             |       |     3 |    10 |    28 |    54 |    18 ||   113
       Bread ration      |       |     1 |     1 |       |       |       ||     2
       Pizza             |       |       |       |       |     1 |       ||     1
